 Dungeon Crawl Stone Soup version 0.23.2-1-ga50397a6bc (webtiles) character file.

Game seed: 11193283886387699871

11193 Peloso the Carver (level 11, 0/97 HPs)
             Began as a Minotaur Fighter on May 22, 2019.
             Was a High Priest of Okawaru.
             Killed from afar by a rime drake (25 damage)
             ... with a flash freeze
             ... on level 1 of the Lair of Beasts.
             The game lasted 00:24:29 (11283 turns).

Peloso the Carver (Minotaur Fighter)               Turns: 11283, Time: 00:24:29

Health: 0/97       AC: 19    Str: 26    XL:     11   Next: 46%
Magic:  10/10      EV:  8    Int:  7    God:    Okawaru [*****.]
Gold:   864        SH: 13    Dex: 11    Spells: 10/10 levels left

rFire    x . .     SeeInvis .   a - +5 long sword
rCold    . . .     Gourm    .   c - +0 shield
rNeg     . . .     Faith    .   A - +0 plate armour
rPois    .         Spirit   .   (helmet restricted)
rElec    .         Reflect  .   (no cloak)
rCorr    .         Harm     .   L - +2 pair of gloves
MR       .....                  h - +0 pair of boots "Kapneomi" {rF- Str+3 Int+2} (curse)
Stlth    ..........             n - amulet of the acrobat
HPRegen  0.26/turn              (no ring)
MPRegen  0.12/turn              (no ring)

@: no status effects
A: retaliatory headbutt, horns 2
a: Heroism, Finesse, Renounce Religion


You were on level 1 of the Lair of Beasts.
You worshipped Okawaru.
Okawaru was extremely pleased with you.
You were not hungry.

You visited 3 branches of the dungeon, and saw 12 of its levels.
You also visited: Ossuary.

You collected 864 gold pieces.

Inventory:

Hand Weapons
 a - a +5 long sword (weapon)
Armour
 b - a +0 scale mail
 c - a +0 shield (worn)
 h - the cursed +0 pair of boots "Kapneomi" (worn) {rF- Str+3 Int+2}
   (You found it on level 8 of the Dungeon)

   It affects your strength (+3).
   It affects your intelligence (+2).
   It makes you vulnerable to fire.
   It has a curse placed upon it.
 j - a +0 pair of boots
 A - a +0 plate armour (worn)
 L - a +2 pair of gloves (worn)
Jewellery
 n - an amulet of the acrobat (around neck)
 O - an uncursed ring of magical power {unknown}
Wands
 k - a wand of flame (27)
 m - a wand of acid (8)
 p - a wand of clouds (6)
 D - a wand of random effects (22)
 N - a wand of paralysis (7)
Scrolls
 e - 7 scrolls of teleportation {unknown}
 i - 4 scrolls of amnesia {unknown}
 l - 5 scrolls of remove curse {unknown}
 q - a scroll of blinking
 w - a scroll of holy word
 y - a scroll of magic mapping
 B - 2 scrolls of random uselessness {unknown}
 C - a scroll of enchant armour {unknown}
 E - 4 scrolls of fog {unknown}
 G - 3 scrolls of enchant weapon {unknown}
 M - a scroll of summoning {unknown}
Potions
 d - 2 potions of flight
 g - 4 potions of agility
 o - 4 potions of heal wounds
 r - 2 potions of invisibility
 s - 2 potions of berserk rage
 t - 2 potions of magic
 u - 4 potions of mutation
 v - 4 potions of curing
 x - 3 potions of cancellation {unknown}
 z - 3 potions of brilliance {unknown}
 F - a potion of lignification {unknown}
 H - 4 potions of haste {unknown}
 I - a potion of ambrosia {unknown}
 J - a potion of resistance {unknown}
Comestibles
 f - 23 rations


   Skills:
 + Level 9.1 Fighting
 + Level 13.3 Long Blades
 + Level 10.3 Armour
 + Level 2.1 Dodging
 + Level 0.4 Stealth
 + Level 11.5 Shields
 + Level 0.1 Invocations
 + Level 0.5 Evocations


You had 10 spell levels left.
You didn't know any spells.
Your spell library contained the following spells:

 Spells                   Type           Power        Failure   Level  Hunger
 Corona                   Hex            #......      100%        1    ##.....
 Slow                     Hex            #.......     100%        2    ###....
 Inner Flame              Hex/Fire       #.......     100%        3    ####...
 Portal Projectile        Hex/Tloc       #.....       100%        3    ####...
 Cause Fear               Hex            #.........   100%        4    #####..
 Leda's Liquefaction      Hex/Erth       #.........   100%        4    #####..


Dungeon Overview and Level Annotations

Branches:
Dungeon (10/15)            Temple (1/1) D:4            Lair (1/6) D:10
    Orc: D:9-12

Altars:
Ashenzari
Cheibriados
Dithmenos
Elyvilon
Fedhas
Gozag
Hepliaklqana
Kikubaaqudgha
Makhleb
Nemelex Xobeh
Okawaru
Qazlal
Ru
Sif Muna
Uskayaw
Vehumet
Wu Jian
Xom
Yredelemnul
Zin
The Shining One

Shops:
D:2 *   D:3 *   D:5 [   D:7 =%[   D:8 [=*%=

Annotations:
D:6 2 transporters, Jaijje's ghost, novice NaMo


Innate Abilities, Weirdness & Mutations

You reflexively headbutt those who attack you in melee.
You have a pair of horns on your head.


Message History

* * * LOW HITPOINT WARNING * * *
You slash the komodo dragon!
You kill the komodo dragon!
Okawaru accepts your kill. You block the yak's attack.
The rime drake bites you but does no damage.
Unknown command.
You completely miss the yak. You headbutt the yak.
The yak is lightly wounded.
The blink frog blinks!
The yak closely misses you. You furiously retaliate!
You headbutt the yak!
You riposte.
You slash the yak!
The yak is severely wounded.
You block the rime drake's attack. You block the blink frog's attack.
Unknown command.
You slash the yak! You headbutt the yak, but do no damage.
The yak is almost dead.
The ice encasing you melts away. The rime drake breathes ice at you.
The flash freeze hits you!!
You die...

≈≈P≈≈.........# #...#.
P≈≈≈≈.........#####..##.
≈≈PPP≈≈.........##....#.#.
.P≈≈P≈;.............#####.
....≈PP.........##### #.
.......#.#..#### ##
^.......##.# ###l..#Y#..##
#.....#@#...#
#....FkFP'#.##### ###
....#...F.......... #.. .
##.##..F?...... ..+. #..
##..$....... #.. ..##
+..$......+ #P. [..
........... ##. ...
#..#P####+## #. ..F ######
##


You could see a yak, 4 blink frogs, a rime drake and an electric eel.

Vanquished Creatures
  A death yak (D:10)
  A spiny frog (Lair:1)
  2 komodo dragons (Lair:1)
  A polar bear (D:10)
  Grinder (D:3)
  4 hippogriffs
  A spriggan (D:7)
  Sigmund (D:6)
  9 yaks
  Menkaure (D:4)
  A water moccasin (D:8)
  Duvessa (D:7)
  2 porcupines (D:10)
  5 ice beasts (D:10)
  A necrophage (D:8)
  6 orc warriors
  A phantom (D:8)
  2 black bears
  A sky beast (D:10)
  8 wolves (Lair:1)
  3 centaurs
  8 ogres
  3 crocodiles
  9 bullfrogs
  Dowan (D:7)
  4 scorpions
  5 wights
  3 electric eels
  2 bullfrog zombies
  A crimson imp (D:10)
  2 centaur zombies
  6 hounds
  A quasit (D:9)
  2 jellies
  9 orc wizards
  7 orc priests
  A water moccasin simulacrum (D:10)
  2 bullfrog skeletons
  A gnoll shaman (D:5)
  2 centaur skeletons
  Terence (D:3)
  Natasha (thrice) (D:2)
  An iguana (D:7)
  7 worker ants
  A big kobold zombie (Ossuary)
  3 hound skeletons
  11 mummies
  2 worker ant zombies (D:9)
  8 adders
  7 gnolls
  3 shadow imps
  A white imp (D:10)
  A worker ant simulacrum (D:10)
  3 ufetubi (D:10)
  An adder zombie (D:6)
  An adder skeleton (D:6)
  2 worms
  A dart slug (D:2)
  3 leopard geckos
  46 orcs
  4 bats
  3 giant cockroaches
  8 goblins
  3 hobgoblins (D:1)
  15 jackals
  5 kobolds
  3 quokkas
  2 ball pythons
  5 frilled lizards
  3 gnoll zombies
  A jackal skeleton (D:5)
  3 kobold zombies (Ossuary)
  A leopard gecko skeleton (D:5)
  3 orc zombies (Ossuary)
  6 rats
293 creatures vanquished.

Vanquished Creatures (others)
  An orc priest (D:6)
  A quokka (D:10)
  4 fungi (D:10)
  2 plants (Lair:1)
  2 withered plants (D:8)
10 creatures vanquished.

Grand Total: 303 creatures vanquished

Notes
Turn   | Place    | Note
-------+----------+-------------------------------------------
     0 | D:1      | Peloso the Minotaur Fighter began the quest for the Orb.
     0 | D:1      | Reached XP level 1. HP: 19/19 MP: 0/0
   207 | D:1      | Reached XP level 2. HP: 27/27 MP: 1/1
   640 | D:2      | Found Zin's Purification Station.
   648 | D:2      | Found a glowing silver altar of Zin.
   705 | D:2      | Reached XP level 3. HP: 27/33 MP: 2/2
   707 | D:2      | Noticed Natasha
  1016 | D:3      | Reached skill level 3 in Long Blades
  1145 | D:3      | Found an opulent altar of Gozag.
  1216 | D:3      | Noticed Grinder
  1217 | D:3      | Paralysed by Grinder for 4 turns
  1226 | D:3      | Paralysed by Grinder for 7 turns
  1237 | D:3      | Killed Grinder
  1237 | D:3      | Reached skill level 4 in Long Blades
  1237 | D:3      | Reached skill level 5 in Armour
  1237 | D:3      | Reached skill level 5 in Shields
  1237 | D:3      | Reached XP level 4. HP: 30/41 MP: 3/3
  1237 | D:3      | Reached XP level 5. HP: 34/47 MP: 4/4
  1296 | D:3      | Noticed Terence
  1301 | D:3      | Killed Terence
  1301 | D:3      | Reached XP level 6. HP: 50/53 MP: 5/5
  1634 | D:3      | Found Gozag's Platinum Reserve.
  1912 | D:4      | Noticed Menkaure
  1916 | D:4      | Killed Menkaure
  1916 | D:4      | Reached skill level 5 in Long Blades
  1938 | D:4      | Found a sand-covered staircase.
  1943 | Ossuary  | Entered an ossuary
  2256 | Ossuary  | Reached XP level 7. HP: 60/60 MP: 6/6
  2442 | D:4      | Found a shadowy altar of Dithmenos.
  2550 | D:4      | Reached skill level 6 in Long Blades
  2571 | D:4      | Found a staircase to the Ecumenical Temple.
  2627 | Temple   | Entered the Ecumenical Temple
  2647 | Temple   | Became a worshipper of Warmaster Okawaru
  3152 | D:5      | Entered Level 5 of the Dungeon
  3334 | D:5      | Found Taget's Antique Armour Shoppe.
  3530 | D:5      | Reached skill level 5 in Fighting
  3977 | D:5      | Reached skill level 7 in Long Blades
  4139 | D:5      | Reached XP level 8. HP: 68/68 MP: 7/7
  4396 | D:2      | Killed Natasha
  4551 | D:2      | Noticed Natasha
  4557 | D:2      | Killed Natasha
  4578 | D:2      | Found a glowing golden altar of the Shining One.
  4597 | D:2      | Noticed Natasha
  4612 | D:2      | Killed Natasha
  5284 | D:6      | Reached * piety under Okawaru
  5342 | D:6      | Reached skill level 8 in Long Blades
  5570 | D:6      | Found a hazy altar of Hepliaklqana.
  5675 | D:6      | Found a transporter.
  5675 | D:6      | Noticed Jaijje's ghost (novice NaMo)
  5709 | D:6      | Found a transporter.
  5914 | D:6      | Noticed Sigmund
  5921 | D:6      | Killed Sigmund
  6127 | D:6      | Found a basalt altar of Yredelemnul.
  6421 | D:7      | Noticed a hippogriff
  6422 | D:7      | Noticed Duvessa
  6424 | D:7      | Found Siec's Food Emporium.
  6424 | D:7      | Noticed Dowan
  6444 | D:6      | Killed a hippogriff
  6444 | D:6      | Reached skill level 9 in Long Blades
  6444 | D:6      | Reached XP level 9. HP: 65/78 MP: 8/8
  6512 | D:7      | Killed Duvessa
  6512 | D:7      | Reached ** piety under Okawaru
  6520 | D:7      | Killed Dowan
  6572 | D:7      | Found a shattered altar of Ashenzari.
  6590 | D:7      | Found Fagishro's Jewellery Shoppe.
  6980 | D:7      | Reached skill level 10 in Long Blades
  6980 | D:7      | Reached skill level 1 in Dodging
  7037 | D:7      | Found Geisch's Antique Armour Shop.
  7360 | D:8      | Found Zoewolo's Food Shop.
  7385 | D:8      | Found a blossoming altar of Fedhas.
  7841 | D:8      | Got a pair of faintly glowing boots
  7852 | D:8      | Identified the cursed +0 pair of boots "Kapneomi" {rF-
                  | Str+3 Int+2} (You found it on level 8 of the Dungeon)
  7937 | D:8      | Found Ysaileak's Jewellery Boutique.
  8039 | D:8      | Reached *** piety under Okawaru
  8334 | D:8      | Found Vieg's Jewellery Shoppe.
  8483 | D:8      | Found Ozalen's Antique Armour Boutique.
  8522 | D:8      | Found Qirob's Assorted Antiques.
  8760 | D:9      | Reached XP level 10. HP: 69/86 MP: 9/9
  8813 | D:8      | Reached skill level 11 in Long Blades
  9001 | D:9      | Reached **** piety under Okawaru
  9201 | D:9      | Found a sacrificial altar of Ru.
  9776 | D:9      | Reached skill level 12 in Long Blades
  9873 | D:9      | Found a deep blue altar of Sif Muna.
 10030 | D:10     | Entered Level 10 of the Dungeon
 10043 | D:10     | Noticed a death yak
 10057 | D:10     | Killed a death yak
 10057 | D:10     | Reached skill level 10 in Shields
 10240 | D:10     | Reached ***** piety under Okawaru
 10364 | D:10     | Found a white marble altar of Elyvilon.
 10373 | D:10     | Reached XP level 11. HP: 88/95 MP: 10/10
 10489 | D:10     | Received a gift from Okawaru
 10591 | D:10     | Reached skill level 13 in Long Blades
 10928 | D:10     | Found a staircase to the Lair.
 11062 | Lair:1   | Entered Level 1 of the Lair of Beasts
 11080 | Lair:1   | Reached skill level 10 in Armour
 11283 | Lair:1   | Killed from afar by a rime drake

Skill      XL: |  1  2  3  4  5  6  7  8  9 10 11 |
---------------+----------------------------------+-----
Armour         | 4 5 6 7 8 9 10 | 10.3
Shields        | 4 5 6 7 9 10 11 | 11.5
Long Blades    | 4 5 7 9 10 12 13 | 13.3
Fighting       | 4 5 6 7 8 9 |  9.1
Dodging        | 1 2 |  2.1
Stealth        | |  0.4
Invocations    | |  0.1
Evocations     | |  0.5

Action                   |  1- 3 |  4- 6 |  7- 9 | 10-12 || total
-------------------------+-------+-------+-------+-------++-------
Melee: Long sword        |    65 |    62 |   469 |   366 ||   962
       Headbutt          |     9 |    26 |    87 |    85 ||   207
Invok: Heroism           |       |       |     1 |     1 ||     2
Evoke: Wand              |       |       |       |     5 ||     5
  Use: Potion            |     1 |       |       |     1 ||     2
       Scroll            |       |       |    10 |     2 ||    12
  Eat: Chunk             |       |     2 |    13 |     9 ||    24
       Ration            |       |     1 |     2 |       ||     3
Armor: Scale mail        |    33 |     2 |       |       ||    35
       Chain mail        |       |    22 |    17 |       ||    39
       Plate armour      |       |       |   167 |   122 ||   289
Dodge: Dodged            |    20 |    22 |   118 |   113 ||   273
Block: Shield            |    30 |    24 |   240 |   211 ||   505
       Rpst.: Long sword |     4 |     6 |    27 |    30 ||    67
